[Event "11th Capo dOrso ACP Open 2019"]
[Site "Porto Mannu"]
[Date "2019.06.01"]
[Round "7.3"]
[White "Ruiz Castillo, Joshua Daniel"]
[Black "Valsecchi, Alessio"]
[Result "1-0"]
[ECO "C60"]
[WhiteElo "2472"]
[BlackElo "2504"]
[Annotator "RC"]
[PlyCount "85"]
[EventDate "2019.06.02"]
[EventType "swiss"]
[EventCountry "ITA"]
[SourceTitle "playchess.com"]
[Source "ChessBase"]
[SourceQuality "1"]
[TimeControl "40/5400+30:1800+30"]

1. e4 e5 2. Nf3 Nc6 3. Bb5 Nge7 4. O-O a6 5. Ba4 Ng6 6. c3 d5 7. exd5 Qxd5 8. d4 Bg4 9. dxe5 Qxd1 10. Rxd1 Be7 11. Nbd2 Ngxe5 12. Re1 Nd3 13. Bxc6+ bxc6 14. Re3 Nxc1 15. Rxc1 Be6 16. Nd4 O-O-O 17. N2f3 Bc5 18. Re5 Bd5 19. Nxc6 Bxc6 20. Rxc5 Bxf3 21. gxf3 Rhe8 22. Rc2 Re6 23. Rg5 Rd1+ 24. Kg2 Ree1 25. Kh3 g6 26. Ra5 Rg1 27. Rxa6 Rd3 28. Rf6 g5 29. Re2 g4+ 30. Kh4 gxf3 31. Re7 Rg2 32. Rfxf7 Rxf2 33. Rxc7+ Kb8 34. Rb7+ Ka8 35. h3 h6 36. Ra7+ Kb8 37. Rfb7+ Kc8 38. Rh7 Kb8 39. Raf7 Rd8 40. b4 Rg8 41. Rxh6 Rf1 42. Rhf6 Rfg1 43. Rf8+ 1-0

[Event "11th Capo dOrso ACP Open 2019"]
[Site "Porto Mannu"]
[Date "2019.06.01"]
[Round "7.9"]
[White "Yugina, Maria"]
[Black "Gohil, Harry"]
[Result "0-1"]
[ECO "A26"]
[WhiteElo "2120"]
[BlackElo "2236"]
[Annotator "ChessBase"]
[PlyCount "70"]
[EventDate "2019.06.02"]
[EventType "swiss"]
[EventCountry "ITA"]
[SourceTitle "playchess.com"]
[Source "ChessBase"]
[SourceQuality "1"]
[TimeControl "40/5400+30:1800+30"]

1. c4 g6 2. Nc3 Bg7 3. g3 d6 4. Bg2 Nc6 5. d3 e5 6. Nf3 f5 7. a3 Nf6 8. e4 O-O 9. Bg5 h6 10. Bxf6 Qxf6 11. Qd2 Qf7 12. h3 g5 13. exf5 Bxf5 14. g4 Be6 15. O-O Qd7 16. Ne4 Rf4 17. b4 Raf8 18. b5 Ne7 19. Qe3 b6 20. Rae1 Ng6 21. Ng3 R4f7 22. Nd2 Nf4 23. Kh2 d5 24. a4 Rd8 25. Rd1 dxc4 26. Nxc4 Qd4 27. Be4 Nd5 28. Bxd5 Qxd5 29. Ne4 Rdf8 30. f3 Qd4 31. Qe2 Ra8 32. Kg2 a6 33. Rh1 axb5 34. axb5 Ra4 35. Rc1 Ra8 0-1

[Event "11th Capo dOrso ACP Open 2019"]
[Site "Porto Mannu"]
[Date "2019.06.01"]
[Round "8.4"]
[White "Marin, Mihail"]
[Black "Ushenina, Anna"]
[Result "0-1"]
[ECO "A03"]
[WhiteElo "2531"]
[BlackElo "2443"]
[Annotator "RC"]
[PlyCount "52"]
[EventDate "2019.06.02"]
[EventType "swiss"]
[EventCountry "ITA"]
[SourceTitle "playchess.com"]
[Source "ChessBase"]
[SourceQuality "1"]
[TimeControl "40/5400+30:1800+30"]

1. f4 d5 2. Nf3 Bg4 3. Ne5 Bh5 4. c4 dxc4 5. Na3 f6 6. Nexc4 Nc6 7. Qa4 Qd5 8. b4 e5 9. b5 Nd4 10. e3 Ne6 11. b6+ c6 12. Qxa7 Rxa7 13. bxa7 Nc7 14. Rb1 b5 15. fxe5 Bc5 16. d4 Bxa7 17. Nd6+ Kd7 18. Naxb5 cxb5 19. Nxb5 Ne7 20. e6+ Qxe6 21. Nxa7 Qxa2 22. Rb7 Ra8 23. Nb5 Ned5 24. Nxc7 Nxc7 25. Bb5+ Kc8 26. Bc6 Qe2# 0-1